 Dungeon Crawl Stone Soup version 0.32-a0-132-g2d33c3cfaf (webtiles) character file.

Game seed: 2052044621697474910

274 Daunt the Magician (level 6, 0/47 HPs)
             Began as a Djinni Alchemist on Feb 9, 2024.
             Slain by a gnoll
             ... wielding a +0 halberd
              (11 damage)
             ... on level 4 of the Dungeon on Feb 10, 2024.
             The game lasted 00:11:36 (2464 turns).

Daunt the Magician (Djinni Alchemist)               Turns: 2464, Time: 00:11:37

Health: 0/47       AC:  2    Str:  7    XL:     6   Next: 49%
Gold:   97         EV: 12    Int: 25    God:
                   SH:  0    Dex: 13

rFire   + + .        a - +3 whip of Ceotiet {venom, ^Fragile Int+6}
rCold   x . .        (no shield)
rNeg    . . .        v - +0 robe
rPois   ∞            (no helmet)
rElec   .            (no cloak)
rCorr   .            (no gloves)
SInv    .            (boots unavailable)
Will    .....        (no amulet)
Stlth   ++           (no ring)
HPRegen 0.27/turn    (no ring)
MPRegen 0.00/turn

%: infuse magic (-1 HP)
@: flying
A: sickness immunity, fire resistance 2, cold vulnerability 1, float, innate
caster, HP casting, extra vitality 1
a: no special abilities


You were on level 4 of the Dungeon.
You visited 1 branch of the dungeon, and saw 4 of its levels.

You collected 97 gold pieces.

Inventory:

Hand Weapons
 a - the +3 whip of Ceotiet (weapon) {venom, ^Fragile Int+6}
   (You found it on level 2 of the Dungeon)

   Int+6:     It affects your intelligence (+6).
   ^Fragile:  It will be destroyed if unequipped.
Missiles
 k - 3 poisoned darts
 m - 25 stones
 p - a throwing net
Armour
 g - a +0 pair of gloves
 v - a +0 robe (worn)
Scrolls
 b - 2 scrolls of poison {unknown}
 e - a scroll of blinking {unknown}
 h - 3 scrolls of teleportation {unknown}
 n - 3 scrolls of enchant weapon {unknown}
 o - a scroll of immolation {unknown}
 q - a scroll of noise {unknown}
 r - 2 scrolls of identify {unknown}
 u - a scroll of fog {unknown}
Potions
 c - 2 potions of curing {unknown}
 d - a potion of brilliance {unknown}
 f - a potion of berserk rage {unknown}
 j - 3 potions of lignification {unknown}
 l - a potion of mutation {unknown}
 s - 2 potions of ambrosia {unknown}
 t - a potion of magic {unknown}


   Skills:
 + Level 4.1 Fighting
 - Level 2.1 Dodging
 - Level 1.5 Stealth
 + Level 4.5 Spellcasting
 + Level 4.5 Conjurations
 + Level 4.5 Hexes
 + Level 4.5 Summonings
 + Level 4.5 Necromancy
 + Level 4.5 Translocations
 + Level 4.5 Fire Magic
 + Level 4.5 Ice Magic
 + Level 4.5 Air Magic
 + Level 4.5 Earth Magic
 + Level 4.5 Alchemy


You knew the following spells:

 Your Spells              Type           Power      Damage    Failure   Level
a - Magic Dart            Conj           100%       1d8       1%          1
b - Sting                 Conj/Alch      100%       1d9       1%          1
c - Mephitic Cloud        Conj/Alch/Air  28%        N/A       4%          3
d - Static Discharge      Conj/Air       56%        3-6/arc   1%          2
s - Sticky Flame          Fire/Alch      28%        2d7       14%         4
t - Olgreb's Toxic Radia  Alch           28%        N/A       14%         4
v - Mercury Vapours       Alch/Air       56%        N/A       1%          2
Your spell library was empty.

Dungeon Overview and Level Annotations

Branches:
Dungeon (4/15)
 Temple: D:4-7

Altars:

Annotations:
D:3 Pargi


Innate Abilities, Weirdness & Mutations

You are immune to sickness and miasma.
You are immune to poison.
Your flesh is very heat resistant. (rF++)
You are vulnerable to cold. (rC-)
You float through the air rather than walking.
You learn spells naturally, not from books.
Your magical power is your life essence.
You have superior vitality. (+4 MHP)


Message History

Unknown command.
Unknown command.
Unknown command.
You barely miss the orc.
The orc is almost dead.
The gnoll hits you with a +0 spear. The orc hits you with a +0 flail.
Unknown command.
You closely miss the orc.
The orc is almost dead.
The gnoll closely misses you. The orc closely misses you.
You closely miss the orc.
The orc is almost dead.
You kill the orc!
The gnoll is engulfed in noxious fumes.
The gnoll appears confused.
The gnoll closely misses you.
You hit the gnoll.
The gnoll is poisoned.
The gnoll is lightly wounded.
The gnoll is engulfed in noxious fumes.
The gnoll appears confused.
The orc hits you with a +0 short sword. The gnoll misses you.
The gnoll is engulfed in noxious fumes.
The gnoll appears confused.
You hit the orc.
The orc is poisoned.
You punch the orc, but do no damage.
The orc is moderately wounded.
The orc hits you with a +0 short sword.
The gnoll is engulfed in noxious fumes.
The gnoll appears confused.
You barely miss the gnoll.
The gnoll is moderately wounded.
The orc misses you. The gnoll hits you with a +0 spear.
* * * LOW HITPOINT WARNING * * *
The gnoll hits itself with a +0 spear!
The gnoll is killed!
The gnoll is engulfed in noxious fumes.
The gnoll appears confused.
Unknown command.
You completely miss the orc.
The orc is heavily wounded.
You kill the orc!
Unknown command.
You hit the gnoll.
The gnoll is poisoned.
The gnoll is lightly wounded.
The gnoll hits you with a +0 halberd!
You die...

... #.# #.##### ...o..###
############# #.###...####
##.....#.....##
..#####)...#####.........[...##
.....g†.......................#
##########.....g.)............#
#....☼○@)............#
#!...°..)............#
#.....$..............#
###..................#
#..###.............#### #.##
##.....#.......... ...
####.######...... )## #.#
#....#.. #. #....#.#.


You could see a gnoll (confused, very poisoned).

Vanquished Creatures
  A scorpion (D:3)
  A bombardier beetle (D:4)
  An orc priest (D:4)
  6 gnolls
  3 adders
  2 dart slugs
  3 ribbon worms
  3 orcs (D:4)
  7 endoplasms
  2 giant cockroaches
  5 goblins
  7 hobgoblins
  2 kobolds (D:2)
  A quokka (D:1)
  2 ball pythons
  4 bats
  4 frilled lizards
  5 rats
59 creatures vanquished.

Notes
Turn   | Place    | Note
-------+----------+-------------------------------------------
     0 | D:1      | Daunt the Djinni Alchemist began the quest for the Orb.
     0 | D:1      | Daunt set off with the following spells memorised: Sting,
                  | Mercury Vapours, Mephitic Cloud, Olgreb's Toxic Radiance,
                  | Sticky Flame.
     0 | D:1      | Reached XP level 1. HP: 15/15 MP: 0/0
   234 | D:1      | Reached XP level 2. HP: 21/22 MP: 0/0
   289 | D:1      | Reached skill level 1 in Fighting
   579 | D:2      | Reached XP level 3. HP: 9/27 MP: 0/0
   579 | D:2      | Learned a level 1 spell: Magic Dart
  1036 | D:3      | Noticed a scorpion
  1643 | D:2      | Reached XP level 4. HP: 31/33 MP: 0/0
  1741 | D:2      | Identified the +3 whip of Ceotiet {venom, ^Fragile Int+6}
  1815 | D:2      | Found a faded altar of an unknown god.
  2071 | D:3      | Killed a scorpion
  2072 | D:3      | Reached XP level 5. HP: 35/40 MP: 0/0
  2072 | D:3      | Learned a level 2 spell: Static Discharge
  2184 | D:4      | Reached XP level 6. HP: 30/46 MP: 0/0
  2315 | D:3      | Noticed Pargi
  2464 | D:4      | Slain by a gnoll

Illustrated notes

Levels and vault maps discovered:
D:1:      sevenhm_arrival_forest_fort_large_4, layout_loops_ring, minmay_tall_x
D:2:      layout_basic, serial_rivers, chequers_serial_rivers_room_a,
          chequers_serial_rivers_micro_c, chequers_serial_rivers_large_a,
          chequers_serial_rivers_room_a, shapermc_ecumenical_altar_totnotflames,
          kennysheep_generic_room_13
D:3:      layout_loops_ring, ashenzari_conservatory_becter, lemuel_doored_altar,
          minmay_fractal_squares_diagonal_5, uniq_pargi
D:4:      layout_rooms, enter_ossuary_2, minmay_misc_feat_five,
          nicolae_the_louvre, uniq_blork_the_orc

Skill      XL: |  1  2  3  4  5  6 |
---------------+-------------------+-----
Fighting       | 1 2 3 4 |  4.1
Spellcasting   | 4 |  4.5
Conjurations   | 4 |  4.5
Hexes          | 4 |  4.5
Summonings     | 4 |  4.5
Necromancy     | 4 |  4.5
Translocations | 4 |  4.5
Fire Magic     | 4 |  4.5
Ice Magic      | 4 |  4.5
Air Magic      | 4 |  4.5
Earth Magic    | 4 |  4.5
Alchemy        | 4 |  4.5
Dodging        | |  2.1
Stealth        | |  1.5

Action                     |  1- 3 |  4- 6 || total
---------------------------+-------+-------++-------
  Melee: Broad axe         |     3 |       ||     3
         Whip              |       |    27 ||    27
         Punch             |       |     2 ||     2
   Cast: Sting             |    59 |    33 ||    92
         Mercury Vapours   |     1 |     3 ||     4
         Magic Dart        |     8 |    11 ||    19
         Mephitic Cloud    |       |     5 ||     5
         Olgreb's Toxic Ra |       |     1 ||     1
 Armour: Robe              |     8 |    23 ||    31
  Dodge: Dodged            |     8 |    21 ||    29

Table legend: (Time is in decaauts)
 A = Elapsed time spent in this place.
 B = Non-inter-level travel time spent in this place.
 C = Inter-level travel time spent in this place.
 D = Time resting spent in this place.
 E = Time spent auto-exploring this place.
 F = Levels seen in this place.
 G = Mean time per level.
                   A        B        C        D        E       F      G
               +--------+--------+--------+--------+--------+-----+--------+
         Total |   2471 |   2409 |     62 |     95 |   1727 |   4 |  617.8 |
       Dungeon |   2471 |   2409 |     62 |     95 |   1727 |   4 |  617.8 |
               +--------+--------+--------+--------+--------+-----+--------+

Top non-repeatable levels by time:
     D:2: 983 daAuts
     D:1: 946 daAuts
     D:3: 362 daAuts
     D:4: 180 daAuts
